 Dungeon Crawl Stone Soup version 0.30.0-11-gf55b779eaf (webtiles) character file.

Game seed: 17204281361878503325

38 shadowrider38 the Digger (level 3, 24/24 HPs)
             Began as a Demonspawn Earth Elementalist on May 17, 2023.
             Quit the game on level 1 of the Dungeon.
             The game lasted 00:01:55 (1403 turns).

shadowrider38 the Digger (DsEE)                     Turns: 1403, Time: 00:01:56

Health: 24/24      AC:  5    Str:  8    XL:     3   Next: 25%
Magic:  7/7        EV: 12    Int: 18    God:
Gold:   53         SH:  0    Dex: 13    Spells: 6/7 levels left

rFire   . . .        a - +0 spear
rCold   . . .        (no shield)
rNeg    . . .        c - +0 robe
rPois   .            (no helmet)
rElec   .            (no cloak)
rCorr   .            (no gloves)
SInv    .            i - +0 pair of boots
Will    .....        (no amulet)
Stlth   ++           (no ring)
HPRegen 0.24/turn    (no ring)
MPRegen 0.10/turn

%: no passive effects
@: no status effects
A: slimy green scales 1, foul stench 1
a: no special abilities


You were on level 1 of the Dungeon.
You visited 1 branch of the dungeon, and saw 2 of its levels.

You collected 53 gold pieces.

Inventory:

Hand Weapons
 a - a +0 spear (weapon)
Armour
 c - a +0 robe (worn)
 i - a +0 pair of boots (worn)
Scrolls
 d - a scroll of identify {unknown}
 f - a scroll of summoning {unknown}
 g - a scroll of fear {unknown}
 h - a scroll of teleportation {unknown}
 j - a scroll of amnesia {unknown}
Potions
 b - a potion of magic
 e - a potion of curing {unknown}
 k - a potion of berserk rage {unknown}


   Skills:
 - Level 1.7 Dodging
 - Level 1.7 Stealth
 + Level 2.8 Spellcasting
 - Level 0.8 Transmutations
 + Level 3.4 Earth Magic


You had 6 spell levels left.
You knew the following spells:

 Your Spells              Type           Power      Damage    Failure   Level
a - Sandblast             Erth           28%        2d8       4%          1

Your spell library contained the following spells:

 Spells                   Type           Power      Damage    Failure   Level
 Passwall                 Tmut/Erth      8%         N/A       11%         2
 Stone Arrow              Conj/Erth      16%        3d8       24%         3
 Petrify                  Tmut/Erth      10%        N/A       56%         4


Dungeon Overview and Level Annotations

Branches:
Dungeon (2/15)

Altars:

Shops:
D:1 ([(


Innate Abilities, Weirdness & Mutations

You are partially covered in slimy green scales. (AC +2)
You may rarely emit foul miasma when damaged in melee.


Message History

The adder is heavily wounded.
The adder closely misses you. The adder bites you but does no damage.
You barely miss the adder.
The adder is heavily wounded.
The adder misses you.
You closely miss the adder.
The adder is heavily wounded.
The adder barely misses you. The adder bites you.
You hit the adder.
The adder is severely wounded.
The adder closely misses you.
You hit the adder.
The adder is almost dead.
The adder barely misses you. x2
You hit the adder.
You kill the adder!
No target in view!
You start resting.
Magic restored.
There is a stone staircase leading down here.
You start waiting.
Done waiting.
There is a stone staircase leading down here.
You see here 6 stones.
You see here a +0 club.
There is an open door here.
There is an open door here.
There is a staircase leading out of the dungeon here.
Alright, then stay!
Unknown command.
Unknown command.
Alright, then stay!
Okay, then.
Unknown command.
Alright, then stay!
Alright, then stay!
Alright, then stay!
Alright, then stay!
You can't go down here!
There is a staircase leading out of the dungeon here.
Alright, then stay!
(D) Dungeon
Where to? (Enter - D:1 @ (x,y), ? - help)
Okay, then.
Unknown command.
Alright, then stay!
Alright, then stay!
Alright, then stay!
Alright, then stay!
Are you sure you want to abandon this character and quit the game? (Confirm with "yes".)

####...# ###############.
#....#.# #....)..........
#.##...# #.##############
#.###### #.# #.#...# ###.###
#...#'###.....# #.####..#####.#
#.###'#'### #.# #.....#..@# #.#
##### #.###'#'### #.# #..>. #.#
##..# #.# #.### ###.###'### #.#
#####.### #.......#
#.####........
######.#.###########..........###
.........# #............#.#.###
######.### #.##########.#.#.# #
#.# #.# #.#.#.#


There were no monsters in sight!

Vanquished Creatures
  An adder (D:1)
  A worm (D:2)
  A dart slug (D:1)
  2 endoplasms
  A giant cockroach (D:1)
  3 goblins (D:1)
  3 hobgoblins (D:1)
  A ball python (D:2)
  6 bats (D:1)
  A frilled lizard (D:1)
  3 kobolds (D:1)
  A rat (D:1)
24 creatures vanquished.

Notes
Turn   | Place    | Note
-------+----------+-------------------------------------------
     0 | D:1      | shadowrider38 the Demonspawn Earth Elementalist began the
                  | quest for the Orb.
     0 | D:1      | Reached XP level 1. HP: 13/13 MP: 3/3
   519 | D:1      | Found a faded altar of an unknown god.
   542 | D:1      | Reached skill level 3 in Earth Magic
   542 | D:1      | Gained mutation: You may rarely emit foul miasma when
                  | damaged in melee. [demonic ancestry]
   542 | D:1      | Reached XP level 2. HP: 18/19 MP: 0/5
   728 | D:1      | Found Toukloudgh's Antique Armour Boutique.
   883 | D:1      | Found Vaast's Weapon Shop.
   915 | D:1      | Found Roahay's Weapon Boutique.
  1141 | D:2      | Gained mutation: You are partially covered in slimy green
                  | scales. (AC +2) [demonic ancestry]
  1141 | D:2      | Reached XP level 3. HP: 24/24 MP: 0/7
  1403 | D:1      | Quit the game

Illustrated notes

Levels and vault maps discovered:
D:1:      erik_arrival_triangle_small, layout_loops_ring,
          ebering_ecumenical_altar_mist, serial_shops, shop_statue,
          nicolae_shop_pleasant_corner_grove, nicolae_shop_tiny_glass
D:2:      layout_rooms, basic_altar, minmay_quantized, uniq_terence

Skill      XL: |  1 |
---------------+----+-----
Earth Magic    | 3 |  3.4
Dodging        | |  1.7
Stealth        | |  1.7
Spellcasting   | |  2.8
Transmutations | |  0.8

Action                     || total
---------------------------++-------
  Melee: Spear             ||    29
         Short sword       ||     1
   Cast: Sandblast         ||    35
   Stab: Distracted        ||     1
 Armour: Robe              ||    12
  Dodge: Dodged            ||    39
